Map: Romanticide LE

Players

RagnaroK (SHIN)

  • Race: Zerg Zerg
  • Spawn Location: 5:00

uThermal - Winner!

  • Race: Terran Terran
  • Spawn Location: 11:00

Event: IEM Katowice 2021

VOD

Have the link to the VOD?

Description

Time

  • Played on: Feb. 20, 2021, 10:14 a.m.
  • Length: 11:16

All games in this series

Show
View Real Time Build Order
Export as new Build Order

RagnaroK Zerg 

Build Orders: Hatch First 

Get SALT Encoding   

  12  0:01  Drone  
  13  0:12  Overlord  
  13  0:16  Drone  
  14  0:31  Drone x2  
  16  0:36  Drone  
  17  0:52  Hatchery  
  17  0:54  Drone  
  17  0:57  Drone  
  18  1:12  Spawning Pool  
  18  1:14  Drone  
  18  1:20  Drone  
  19  1:30  Drone  
  20  1:38  Extractor  
  19  1:42  Drone  
  20  1:56  Overlord  
  20  2:00  Queen  
  22  2:04  Queen  
  22  2:05  Zergling x4  
  26  2:17  Drone x2  
  26  2:22  Drone  
  29  2:27  Drone  
  30  2:33  Overlord  
  30  2:38  Drone  
  30  2:39  Queen  
  30  2:42  Metabolic Boost  
  33  2:44  Drone  
  33  2:48  Drone  
  35  2:54  Drone  
  35  2:58  Drone  
  37  3:04  Hatchery  
  36  3:06  Drone  
  36  3:09  Drone x4  
  41  3:16  Queen  
  43  3:20  Overlord  
  43  3:21  Drone  
  44  3:34  Overlord  
  44  3:40  Drone  
  45  3:42  Drone  
  45  3:43  Zergling x8  
  45  3:48  Zergling x2  
  51  3:49  Drone  
  51  3:50  Overlord  
  51  3:52  Queen  
  51  3:54  Drone x2  
  56  4:01  Baneling Nest  
  56  4:02  Drone  
  56  4:04  Overlord  
  56  4:10  Extractor  
  56  4:12  Overlord  
  56  4:13  Drone x2  
  56  4:16  Drone x2  
  59  4:17  Queen  
  59  4:20  Evolution Chamber  
  59  4:23  Drone  
  61  4:28  Drone x3  
  64  4:31  Spore Crawler  
  64  4:32  Drone  
  64  4:34  Queen  
  64  4:36  Zergling x4  
  68  4:42  Drone  
  68  4:44  Drone  
  68  4:45  Drone  
  71  4:47  Spore Crawler  
  71  4:48  Zerg Melee Weapons Level 1  
  71  4:51  Baneling x4  
  69  4:54  Spine Crawler  
  69  4:55  Queen  
  69  4:59  Drone  
  71  5:01  Baneling x2  
  71  5:04  Zergling x4  
  73  5:07  Overlord  
  73  5:12  Zergling x6  
  69  5:18  Zergling x4  
  69  5:19  Zergling x4  
  69  5:20  Zergling x6  
  71  5:24  Zergling x2  
  71  5:25  Zergling x2  
  71  5:26  Zergling x2  
  71  5:27  Queen  
  69  5:28  Zergling x2  
  69  5:29  Zergling x2  
  69  5:34  Zergling x2  
  70  5:37  Zergling x6  
  70  5:38  Queen  
  70  5:40  Zergling x2  
  66  5:44  Queen  
  66  5:46  Zergling x4  
  66  5:49  Baneling  
  64  5:50  Baneling x3  
  64  5:52  Zergling x2  
  61  5:57  Zergling x2  
  61  5:58  Zergling x2  
  61  6:02  Zergling x2  
  63  6:08  Zergling x4  
  59  6:12  Zergling x2  
  59  6:15  Queen x2  
  60  6:19  Zergling x4  
  60  6:24  Drone  
  60  6:29  Drone, Spore Crawler  
  60  6:30  Drone  
  61  6:36  Drone  
  62  6:41  Drone  
  62  6:42  Drone  
  62  6:45  Drone, Queen  
  67  6:48  Zerg Ground Armor Level 1  
  67  6:52  Drone x6  
  67  6:53  Queen  
  75  6:56  Lair  
  74  7:01  Drone x2  
  74  7:02  Drone  
  74  7:03  Drone x2  
  74  7:05  Extractor x2  
  74  7:06  Drone x2  
  74  7:08  Zergling x2  
  80  7:15  Overlord  
  80  7:17  Overlord  
  80  7:20  Drone  
  81  7:26  Overlord  
  80  7:30  Hatchery, Queen  
  80  7:34  Zergling x2  
  80  7:35  Zergling x14  
  89  7:41  Zergling x6, Evolution Chamber  
  91  7:45  Zergling x4  
  91  7:49  Zergling x2  
  94  7:53  Baneling x8  
  94  7:56  Centrifical Hooks  
  94  7:58  Zergling x14  
  101  8:03  Zergling x10  
  103  8:06  Zerg Melee Weapons Level 2  
  103  8:09  Drone  
  103  8:11  Zergling x2  
  105  8:13  Overlord  
  105  8:19  Overlord  
  105  8:24  Overlord  
  105  8:27  Overlord  
  105  8:30  Burrow  
  105  8:31  Baneling x9  
  105  8:32  Baneling  
  105  8:33  Zergling x10  
  110  8:37  Drone x3  
  110  8:38  Drone  
  110  8:39  Drone  
  110  8:40  Drone  
  116  8:44  Baneling x6  
  116  8:47  Zergling x4  
  118  8:51  Zergling x6  
  118  8:55  Queen  
  119  9:00  Zergling x8  
  120  9:02  Zergling x2  
  120  9:05  Zergling x4  
  120  9:07  Zergling x8  
  120  9:09  Zergling x4  
  123  9:15  Zergling x2  
  123  9:16  Zergling x2  
  125  9:17  Zergling x2  
  125  9:18  Baneling x3  
  125  9:23  Zergling x4  
  125  9:24  Zergling x4  
  130  9:29  Zergling x2  
  130  9:30  Zergling x6  
  121  9:38  Zergling x6  
  121  9:39  Zergling x2  
  121  9:43  Zergling x12  
  125  9:45  Queen  
  125  9:50  Zergling x6  
  129  9:53  Infestation Pit  
  129  9:55  Zergling x2  
  129  9:58  Hatchery  
  129  9:59  Zergling x4  
  125  10:03  Zergling x10  
  130  10:09  Zergling x2  
  130  10:12  Zergling x12  
  137  10:15  Zergling x6  
  137  10:19  Queen  
  137  10:21  Zergling x2  
  143  10:22  Baneling x2  
  143  10:23  Baneling x8  
  143  10:25  Zergling x2  
  143  10:26  Zergling x2  
  143  10:28  Overlord  
  141  10:35  Zergling x8  
  127  10:40  Zergling x10  
  128  10:46  Zergling x2  
  128  10:48  Zergling x6  
  110  10:50  Zergling x6  
  110  10:54  Zergling x2  
Show
View Real Time Build Order
Export as new Build Order

uThermal Terran - Winner!

Build Orders: Hellion Opening, Reaper Expand 

Get SALT Encoding   

  12  0:00  SCV  
  13  0:12  SCV  
  14  0:17  Supply Depot  
  14  0:25  SCV  
  15  0:38  SCV  
  15  0:39  Barracks  
  16  0:43  Refinery  
  16  0:50  SCV  
  17  1:03  SCV  
  18  1:15  SCV  
  19  1:27  Reaper, Orbital Command  
  20  1:39  Command Center  
  20  1:47  Supply Depot  
  20  1:53  SCV  
  21  1:58  Marine  
  22  2:05  SCV  
  22  2:08  Factory  
  23  2:12  Refinery  
  23  2:17  SCV  
  23  2:21  Barracks Reactor  
  24  2:29  SCV  
  25  2:41  SCV  
  26  2:51  Orbital Command  
  26  2:53  SCV, Starport  
  27  3:02  Hellion x2  
  27  3:03  Barracks Tech Lab  
  31  3:06  SCV  
  32  3:18  SCV  
  34  3:22  Marauder  
  34  3:25  Hellion  
  34  3:26  Hellion  
  39  3:29  Viking  
  39  3:32  Supply Depot  
  41  3:37  SCV x2  
  43  3:44  Marauder  
  45  3:52  Supply Depot  
  45  3:54  Hellion x2  
  49  4:00  Medivac  
  49  4:02  Concussive Shells, Armory  
  51  4:07  Marauder  
  51  4:09  SCV  
  54  4:16  Hellion, Supply Depot  
  56  4:21  Hellion  
  58  4:30  SCV x2  
  59  4:37  Hellion  
  61  4:39  Supply Depot  
  61  4:42  SCV, Hellion  
  61  4:43  SCV  
  65  4:46  Marine  
  65  4:47  Stimpack  
  66  4:54  SCV  
  66  4:58  SCV  
  68  5:00  Hellion  
  68  5:03  Hellion  
  68  5:06  SCV  
  73  5:14  SCV  
  69  5:21  Hellion  
  69  5:25  Hellion  
  69  5:26  SCV  
  70  5:29  SCV  
  70  5:31  Command Center  
  69  5:38  SCV  
  69  5:41  SCV  
  65  5:50  SCV  
  65  5:53  Starport Reactor  
  65  5:54  SCV  
  65  5:57  Barracks  
  65  5:59  Factory Tech Lab  
  65  6:00  Barracks  
  65  6:02  SCV  
  66  6:06  SCV  
  63  6:18  SCV  
  56  6:20  Engineering Bay  
  56  6:21  Marine, Engineering Bay  
  56  6:22  SCV  
  55  6:29  Barracks  
  55  6:30  SCV, Barracks, Refinery x2, Combat Shield  
  56  6:33  Supply Depot  
  56  6:34  SCV  
  56  6:36  Starport Reactor  
  56  6:39  Marine  
  58  6:42  SCV, Siege Tank  
  62  6:47  Marine x2  
  62  6:48  Terran Infantry Weapons Level 1  
  62  6:49  SCV  
  62  6:54  SCV, Marine x2  
  66  6:57  Marine  
  66  7:01  SCV  
  70  7:05  Marine x2  
  70  7:06  SCV  
  73  7:11  Marine x2  
  73  7:12  Orbital Command  
  73  7:13  SCV  
  73  7:14  Siege Tank  
  79  7:15  Terran Infantry Armor Level 1  
  79  7:16  Medivac x2  
  79  7:18  Barracks Reactor x2  
  79  7:19  SCV  
  84  7:23  Marine  
  84  7:24  Supply Depot x2  
  84  7:25  SCV  
  84  7:29  Marine  
  87  7:31  SCV  
  87  7:36  Supply Depot, Marine x2  
  90  7:37  SCV, Marine, Supply Depot  
  90  7:38  SCV  
  90  7:43  SCV  
  90  7:44  Marine  
  94  7:46  Medivac x2, Siege Tank  
  94  7:49  SCV  
  103  7:52  Barracks  
  103  7:53  Barracks  
  103  7:54  SCV, Supply Depot, Marine  
  103  7:55  Barracks, Marine  
  106  8:01  Marine x2  
  106  8:04  Marine x4  
  112  8:10  Supply Depot  
  112  8:12  Supply Depot  
  112  8:15  Marine, Supply Depot  
  112  8:16  Marine  
  112  8:17  Marine, Supply Depot  
  112  8:18  Medivac, Siege Tank  
  120  8:23  Medivac, Marine  
  120  8:24  Marine  
  120  8:25  Marine x2  
  120  8:26  Marine  
  127  8:36  Marine  
  127  8:37  Refinery  
  127  8:40  Marine x3  
  127  8:41  Marine  
  132  8:47  Marine x2  
  132  8:48  Terran Infantry Weapons Level 2  
  134  8:50  Siege Tank  
  134  8:51  Marine  
  134  8:53  Marine x2  
  140  8:58  Marine  
  141  9:06  Marine  
  141  9:09  Marine  
  143  9:11  Command Center  
  143  9:12  Marine x2  
  143  9:14  Marine x2  
  143  9:15  Marine  
  143  9:16  Marine x2  
  143  9:17  Marine, Supply Depot  
  150  9:22  Siege Tank  
  150  9:23  Marine  
  155  9:25  Marine  
  155  9:26  Marine  
  155  9:29  Marine x2  
  155  9:30  Marine  
  156  9:32  Marine x2  
  156  9:33  Marine  
  156  9:34  Marine  
  156  9:35  Marine  
  151  9:42  SCV  
  151  9:43  Marine x2  
  154  9:47  Marine  
  154  9:48  Liberator  
  154  9:49  Marine x2  
  154  9:51  Supply Depot  
  160  9:54  Marine, Siege Tank  
  161  10:01  Marine  
  161  10:02  Marine  
  161  10:04  Marine  
  161  10:05  Marine  
  165  10:08  Marine  
  165  10:09  Marine  
  165  10:12  Marine x2  
  169  10:14  Marine  
  169  10:15  Supply Depot  
  169  10:16  Supply Depot  
  169  10:17  Marine, Liberator  
  169  10:18  Marine x2  
  176  10:25  Sensor Tower  
  176  10:26  Marine  
  176  10:33  Marine x3  
  168  10:36  Marine x2, Siege Tank  
  168  10:40  Marine x2  
  168  10:41  Marine x2  
  172  10:43  Marine  
  156  10:53  Marine  
  156  10:55  Marine x4  
  148  10:58  SCV  

Tags
 
Add a new tag
Caveats
  • Supply blocks, unpowered buildings, or Contaminate may cause inaccurate times.
  • Supply counts are checked every 10 seconds.